 Dungeon Crawl Stone Soup version 0.16-a0-3946-g4f19e5c (webtiles) character file.

788 Charly the Poker (level 7, -1/46 HPs)
             Began as a Merfolk Ice Elementalist on Feb 9, 2015.
             Slain by a jackal (2 damage)
             ... on level 7 of the Dungeon.
             The game lasted 00:32:11 (2557 turns).

Charly the Poker (Merfolk Ice Elementalist)         Turns: 2557, Time: 00:32:11

Health: -1/46      AC:  2    Str:  8    XL:     7   Next: 87%
Magic:  9/12       EV: 13    Int: 15    God:
Gold:   290        SH:  0    Dex: 16    Spells: 3 memorised, 2 levels left

rFire  . . .     SeeInvis .     a - +0 trident (pierce)
rCold  . . .     Clarity  .     e - +0 robe
rNeg   . . .     SustAb   .     (no shield)
rPois  .         Gourm    .     (no helmet)
rElec  .         Spirit   .     (no cloak)
rCorr  .         Warding  .     (no gloves)
rMut   .         Stasis   .     (no boots)
MR     .....                    (no amulet)
Stlth  ++........               (no ring)
                                (no ring)

@: about to teleport, not resistant to hostile enchantments, unstealthy
A: change form in water, swift swim
a: no special abilities


You were on level 7 of the Dungeon.
You were not hungry.

You visited 1 branch of the dungeon, and saw 7 of its levels.

You collected 290 gold pieces.

Inventory:

Hand weapons
 a - a +0 trident of piercing (weapon)
Missiles
 p - 38 poisoned needles
Armour
 e - a +0 robe (worn)
Jewellery
 g - an uncursed ring of teleportation
Scrolls
 i - a scroll of recharging
 o - 3 scrolls of remove curse
 q - a scroll of noise {unknown}
 t - a scroll of immolation {unknown}
Potions
 b - a potion of agility {unknown}
 d - a potion of haste {unknown}
 f - 3 potions of curing
 r - a potion of flight {unknown}
Books
 h - a book of Ice

   Spells                             Type                      Level
   a - Ice Form                       Ice/Transmutation            4
   b - Metabolic Englaciation         Hexes/Ice                    5
   c - Ozocubu's Refrigeration        Ice                          6
   d - Bolt of Cold                   Conjuration/Ice              6
   e - Freezing Cloud                 Conjuration/Ice/Air          6
   f - Simulacrum                     Ice/Necromancy               6
 k - a book of Alchemy

   Spells                             Type                      Level
   a - Sublimation of Blood           Necromancy                   2
   b - Alistair's Intoxication        Transmutation/Poison         4
   c - Condensation Shield            Ice                          4
   d - Petrify                        Transmutation/Earth          4
   e - Ignite Poison                  Fire/Transmutation           5
   f - Irradiate                      Conjuration/Transmutation    5
Comestibles
 c - 4 bread rations
 m - a meat ration


   Skills:
 + Level 6.9 Polearms
 - Level 2.6 Dodging
 - Level 2.1 Stealth
 - Level 2.0 Spellcasting
   Level 0.7 Conjurations
 - Level 3.0 Charms
 + Level 3.0 Summonings
 + Level 6.6 Ice Magic


You had 2 spell levels left.
You knew the following spells:

 Your Spells              Type           Power        Failure   Level  Hunger
a - Ozocubu's Armour      Chrm/Ice       ###.....     12%         3    ###....
b - Summon Ice Beast      Ice/Summ       ###.....     34%         4    #####..
f - Freeze                Ice            ###.         1%          1    #......


Dungeon Overview and Level Annotations

Branches:
Dungeon (7/15)
 Temple: D:4-7

Altars:
Elyvilon
Fedhas
Nemelex Xobeh
Okawaru
Ru
Trog

Annotations:
D:7 Edmund


Message History

Read which item? (? for menu, Esc to quit)
As you read the scroll labeled QAUZANO RIPOLLIUC, it crumbles to dust.
You hear the chiming of a distant gong.
It was a scroll of random uselessness.
Edmund shouts!
The bat barely misses you. The jackal closely misses you. The jackal bites you.
* * * LOW HITPOINT WARNING * * *
The ice beast hits you.
* * * LOW HITPOINT WARNING * * *
The ice beast freezes you.
* * * LOW HITPOINT WARNING * * *
The jackal bites you but does no damage.
The jackal misses you.
Enter note: Unknown command.
Read which item? (? for menu, Esc to quit)
As you read the scroll labeled KLOYDI TIPP, it crumbles to dust.
You feel strangely unstable.
It was a scroll of teleportation.
The jackal bites you.
You die...

#.#.# #.####.# .#
#.#.####.# #.# .#
#........# #.# .#
#.#†###### #[####.#
#.#########......#
#...........###..#
############# #..#
#...#######..#
.#####....h@b.....######
#........@.hhY............
.######.########.#######
#.# #.# #<# #.# #.# #.#
#.# #.# ... #.# ... ..#


You could see Edmund, an ice beast, 3 jackals and a bat.

Vanquished Creatures
  A wasp (D:6)
  A black bear (D:6)
  A sky beast (D:6)
  2 giant frogs
  2 crimson imps
  A giant frog zombie (D:6)
  2 orc wizards (D:5)
  An orc priest (D:5)
  Natasha (D:6)
  A worker ant (D:4)
  6 gnolls
  4 adders
  A shadow imp (D:7)
  2 worms
  10 orcs
  A ball python (D:4)
  4 giant cockroaches
  5 goblins
  7 hobgoblins (D:3)
  4 jackals (D:2)
  2 quokkas
  6 bats
  A giant gecko (D:2)
  6 giant newts
  A jackal skeleton (D:6)
  8 kobolds
  9 rats
90 creatures vanquished.

Notes
Turn   | Place    | Note
--------------------------------------------------------------
     0 | D:1      | Charly, the Merfolk Ice Elementalist, began the quest for the Orb.
     0 | D:1      | Reached XP level 1. HP: 13/13 MP: 3/3
    80 | D:1      | Reached XP level 2. HP: 8/19 MP: 0/4
   116 | D:2      | Found a white marble altar of Elyvilon.
   215 | D:2      | Reached skill level 1 in Polearms
   268 | D:2      | Reached skill level 4 in Ice Magic
   316 | D:2      | Found a blossoming altar of Fedhas.
   329 | D:2      | Reached XP level 3. HP: 15/24 MP: 0/6
   412 | D:2      | Learned a level 3 spell: Ozocubu's Armour
   755 | D:3      | Reached XP level 4. HP: 26/30 MP: 2/7
   802 | D:4      | Reached skill level 1 in Charms
  1397 | D:3      | Found a sparkling altar of Nemelex Xobeh.
  1476 | D:5      | Entered Level 5 of the Dungeon
  1693 | D:5      | Reached XP level 5. HP: 28/35 MP: 2/9
  1791 | D:5      | Reached skill level 5 in Ice Magic
  1797 | D:5      | Learned a level 4 spell: Summon Ice Beast
  1807 | D:5      | Found a sacrificial altar of Ru.
  1839 | D:5      | Reached XP level 6. HP: 25/41 MP: 4/10
  1842 | D:5      | Reached skill level 5 in Polearms
  2044 | D:6      | Noticed Natasha
  2051 | D:6      | Killed Natasha
  2118 | D:6      | Found a bloodstained altar of Trog.
  2118 | D:6      | Found an iron altar of Okawaru.
  2161 | D:6      | Reached skill level 1 in Summonings
  2329 | D:6      | Reached XP level 7. HP: 40/46 MP: 8/12
  2349 | D:6      | Reached skill level 6 in Polearms
  2520 | D:7      | Noticed a two-headed ogre
  2556 | D:7      | Noticed Edmund
  2556 | D:7      | HP: 1/46 [ice beast (5)]
  2557 | D:7      | Slain by a jackal

Action                   |  1- 3 |  4- 6 |  7- 9 || total
-------------------------+-------+-------+-------++-------
Melee: Spear             |    71 |    16 |       ||    87
       Unarmed           |     5 |       |       ||     5
       Trident           |       |   124 |    47 ||   171
Throw: Throwing net      |       |     1 |       ||     1
 Cast: Freeze            |    37 |    56 |    16 ||   109
       Ozocubu's Armour  |       |     8 |     3 ||    11
  Use: Scroll            |       |     5 |     2 ||     7
       Potion            |       |     2 |       ||     2
 Stab: Sleeping          |     6 |     5 |     1 ||    12
  Eat: Royal jelly       |     1 |       |       ||     1
       Pizza             |     1 |       |       ||     1
       Beef jerky        |       |     1 |     1 ||     2
       Meat ration       |       |     1 |       ||     1
       Fruit             |       |       |     2 ||     2
